 Dungeon Crawl Stone Soup version 0.20-a0-432-g25cc1b4 (webtiles) character file.

460662 Kriby the Sorcerer (level 23, -7/150 HPs)
             Began as a Mummy Fire Elementalist on Jan 1, 2017.
             Was a High Priest of Sif Muna.
             Mangled by a spriggan berserker
             ... wielding a +1 antimagic war axe
              (27 damage)
             ... on level 4 of the Depths on Jan 2, 2017.
             The game lasted 07:26:56 (117391 turns).

Kriby the Sorcerer (Mummy Fire Elementalist)      Turns: 117391, Time: 07:26:56

Health: -7/150     AC: 21    Str: 11    XL:     23   Next: 36%
Magic:  0/49       EV: 17    Int: 27    God:    Sif Muna [*****.]
Gold:   2732       SH: 12    Dex: 18    Spells: 4/67 levels left

rFire  + + .     SeeInvis +     a - staff of wizardry
rCold  + . .     Gourm    .     G - +0 fire dragon scales
rNeg   + + +     Faith    .     f - +0 buckler
rPois  ∞         Spirit   .     y - +2 hat {SInv}
rElec  +         Reflect  +     Z - +1 cloak {rC+}
rCorr  .         Harm     .     Y - +0 pair of gloves {Dex+3}
MR     ++...                    n - +2 pair of boots {run}
Stlth  +.........               J - +6 amulet of reflection
                                O - ring "Eshailel" {rElec Int+5 Stlth+}
                                q - ring "Daaraesk" {rF+ EV+3}

@: delayed fireball, repel missiles, quick
A: no food or potions, fire vulnerability, cold resistance 1, negative energy
resistance 3, torment resistance, unbreathing, in touch with death 1
}: 2/15 runes: barnacled, gossamer
a: Divine Energy, Channel Magic, Forget Spell, Renounce Religion, Release
Delayed Fireball


You were on level 4 of the Depths.
You worshipped Sif Muna.
Sif Muna was extremely pleased with you.
You were not hungry.

You visited 8 branches of the dungeon, and saw 41 of its levels.
You also visited: Ice Cave.

You collected 4643 gold pieces.
You spent 1911 gold pieces at shops.

Inventory:

Hand Weapons
 b - the +10 flail of Innocence {flame, MP-9 Str+6 Int+2}
   (You found it on level 8 of the Dungeon)

   It has been specially enchanted to burn those struck by it, causing extra
   injury to most foes and up to half again as much damage against particularly
   susceptible opponents.
   It affects your strength (+6).
   It affects your intelligence (+2).
   It affects your magic capacity (-9).
Armour
 f - a +0 buckler (worn)
 n - a +2 pair of boots of running (worn)
 t - a +1 ring mail of fire resistance
 w - a +2 robe of fire resistance
 y - a +2 hat of see invisible (worn)
 G - +0 fire dragon scales (worn)
 H - the cursed +0 helmet of Lethargy {*Drain Regen+ Dex+5}
   (You found it on level 2 of the Depths)

   It affects your dexterity (+5).
   It increases your rate of regeneration.
   It causes draining when unequipped.
   It has a curse placed upon it.
 P - the -2 hat of the Alchemist {rElec rPois rF+ rC+ rN+ MR+ rMut rCorr}
   (You found it on level 14 of the Dungeon)

   It protects you from fire.
   It protects you from cold.
   It insulates you from electricity.
   It protects you from poison.
   It protects you from negative energy.
   It affects your resistance to hostile enchantments.
   It protects you from acid and corrosion.
   It protects you from mutation.
 Y - a +0 pair of gloves of dexterity (worn)
 Z - a +1 cloak of cold resistance (worn)
Magical Staves
 a - an uncursed staff of wizardry (weapon)
 I - an uncursed staff of energy
 W - an uncursed staff of fire
Jewellery
 q - the ring "Daaraesk" (left hand) {rF+ EV+3}
   (You bought it in a shop on level 7 of the Dungeon)

   [ring of evasion]

   It affects your evasion (+3).
   It protects you from fire.
 x - an uncursed ring of flight
 J - a +6 amulet of reflection (around neck)
 O - the ring "Eshailel" (right hand) {rElec Int+5 Stlth+}
   (You bought it in a shop on level 2 of the Orcish Mines)

   [ring of stealth]

   It affects your intelligence (+5).
   It insulates you from electricity.
   It makes you more stealthy.
Wands
 d - a wand of acid (0/15)
 e - a wand of digging (14/24)
 j - a wand of disintegration (19/24)
 o - a wand of polymorph (4/24)
 p - a wand of disintegration (16/24)
 L - a wand of paralysis (6/24)
 S - a wand of iceblast (1/15)
 U - a wand of clouds (3/9)
Scrolls
 c - 3 scrolls of recharging
 h - 3 scrolls of magic mapping
 i - 10 scrolls of enchant weapon
 l - 6 scrolls of teleportation
 r - 12 scrolls of remove curse
 s - 2 scrolls of brand weapon
 u - 4 scrolls of enchant armour
 v - 2 scrolls of fog
 F - 2 scrolls of holy word
 Q - 9 scrolls of identify
 T - 2 scrolls of fear
Books
 g - Sif Muna's Compendium of the Arsonist and Attacks
   (Sif Muna gifted it to you on level 1 of the Vaults)

   Spells                             Type                      Level
   a - Iskenderun's Mystic Blast      Conjuration                  4
   b - Throw Icicle                   Conjuration/Ice              4
   c - Bolt of Magma                  Conjuration/Fire/Earth       5
   d - Fireball                       Conjuration/Fire             5
   e - Bolt of Draining               Conjuration/Necromancy       5
   f - Fire Storm                     Conjuration/Fire             9
 k - Sif Muna's Handbook of Combat Magic and Necromancy
   (Sif Muna gifted it to you on level 3 of the Vaults)

   Spells                             Type                      Level
   a - Pain                           Necromancy                   1
   b - Searing Ray                    Conjuration                  2
   c - Bolt of Fire                   Conjuration/Fire             6
   d - Iron Shot                      Conjuration/Earth            6
   e - Infestation                    Necromancy                   8
   f - Fire Storm                     Conjuration/Fire             9
 z - a book of Alchemy

   Spells                             Type                      Level
   a - Sublimation of Blood           Necromancy                   2
   b - Ignite Poison                  Fire/Transmutation/Poison    3
   c - Petrify                        Transmutation/Earth          4
   d - Alistair's Intoxication        Transmutation/Poison         5
   e - Irradiate                      Conjuration/Transmutation    5
 A - a book of Unlife

   Spells                             Type                      Level
   a - Recall                         Summoning/Translocation      3
   b - Animate Dead                   Necromancy                   4
   c - Control Undead                 Necromancy                   4
   d - Cigotuvi's Embrace             Necromancy                   5
   e - Death Channel                  Necromancy                   6
   f - Simulacrum                     Ice/Necromancy               6
 C - Sif Muna's Volume of Ensnaring Snow
   (Sif Muna gifted it to you on level 1 of the Depths)

   Spells                             Type                      Level
   a - Confusing Touch                Hexes                        1
   b - Corona                         Hexes                        1
   c - Ensorcelled Hibernation        Hexes/Ice                    2
   d - Leda's Liquefaction            Hexes/Earth                  4
   e - Ozocubu's Refrigeration        Ice                          6
 D - a book of the Earth

   Spells                             Type                      Level
   a - Leda's Liquefaction            Hexes/Earth                  4
   b - Bolt of Magma                  Conjuration/Fire/Earth       5
   c - Statue Form                    Transmutation/Earth          6
   d - Iron Shot                      Conjuration/Earth            6
   e - Shatter                        Earth                        9
 M - the Catalogue of Talismans and Dark Magic
   (You found it on level 2 of the Depths)

   Spells                             Type                      Level
   a - Animate Skeleton               Necromancy                   1
   b - Pain                           Necromancy                   1
   c - Swiftness                      Charms/Air                   2
   d - Excruciating Wounds            Charms/Necromancy            5
   e - Dispel Undead                  Necromancy                   5
   f - Deflect Missiles               Charms/Air                   6
 N - Afutoh's Compendium of the Igneous Rocks
   (Sif Muna gifted it to you on level 3 of the Depths)

   Spells                             Type                      Level
   a - Flame Tongue                   Conjuration/Fire             1
   b - Bolt of Magma                  Conjuration/Fire/Earth       5
   c - Fireball                       Conjuration/Fire             5
   d - Iron Shot                      Conjuration/Earth            6
   e - Lehudib's Crystal Spear        Conjuration/Earth            8
   f - Fire Storm                     Conjuration/Fire             9
 R - Sif Muna's Almanac of Fetching Attacks
   (Sif Muna gifted it to you on level 4 of the Depths)

   Spells                             Type                      Level
   a - Flame Tongue                   Conjuration/Fire             1
   b - Lightning Bolt                 Conjuration/Air              5
   c - Irradiate                      Conjuration/Transmutation    5
   d - Venom Bolt                     Conjuration/Poison           5
   e - Invisibility                   Hexes                        6
   f - Fire Storm                     Conjuration/Fire             9
Miscellaneous
 m - a box of beasts
 B - a fan of gales
 E - a phantom mirror
 K - a lamp of fire (inert)
 X - a lightning rod (1/4)


   Skills:
 - Level 5.4 Fighting
 - Level 12.0 Armour
 - Level 10.6 Dodging
 - Level 1.5 Stealth
 - Level 7.2 Shields
 * Level 22.9 Spellcasting
 * Level 15.9 Conjurations
 + Level 9.4 Necromancy
 * Level 16.0 Fire Magic
 - Level 15.4 Ice Magic
 - Level 2.1 Air Magic
 - Level 2.1 Poison Magic
 - Level 5.3 Invocations


You had 4 spell levels left.
You knew the following spells:

 Your Spells              Type           Power        Failure   Level  Hunger
a - Flame Tongue          Conj/Fire      #####        0%          1    N/A
b - Conjure Flame         Conj/Fire      #######.     1%          3    N/A
c - Sticky Flame          Conj/Fire      #######.     1%          4    N/A
d - Death Channel         Necr           #######...   9%          6    N/A
e - Fireball              Conj/Fire      #######...   1%          5    N/A
f - Bolt of Fire          Conj/Fire      #######...   1%          6    N/A
g - Poisonous Cloud       Conj/Pois/Air  ######....   6%          5    N/A
h - Delayed Fireball      Conj/Fire      N/A          4%          7    N/A
i - Fire Storm            Conj/Fire      #######...   99%         9    N/A
j - Glaciate              Conj/Ice       #######...   99%         9    N/A
k - Orb of Destruction    Conj           #######...   4%          7    N/A
l - Animate Dead          Necr           N/A          1%          4    N/A
R - Repel Missiles        Chrm/Air       #####.       3%          2    N/A

Dungeon Overview and Level Annotations

Branches:
Dungeon (15/15)            Temple (1/1) D:6            Lair (6/6) D:9
 Shoals (4/4) Lair:4       Spider (4/4) Lair:3        Slime (0/5) Lair:6
    Orc (2/2) D:10            Elf (0/3) Orc:2        Vaults (5/5) D:13
  Crypt (0/3) Vaults:3     Depths (4/5) D:15

Altars:
Ashenzari
Dithmenos
Elyvilon
Fedhas
Gozag
Hepliaklqana
Kikubaaqudgha
Makhleb
Nemelex Xobeh
Okawaru
Qazlal
Sif Muna
Trog
Uskayaw
Xom
Yredelemnul
Zin
The Shining One
Beogh

Shops:
D:7 =   D:11 (   Orc:2 *=([!   Shoals:3 *   Vaults:1 *   Vaults:2 }=[
Vaults:3 *[

Portals:
Hell: Depths:1 Depths:2 Depths:3
Abyss: Depths:4
Pandemonium: Depths:3
Ziggurat: Depths:1
Trove: Vaults:4 (show slimy rune of Zot)

Annotations:
D:7 exclusion: 2 doors
D:9 exclusion: downstairs
Shoals:4 Ilsuiw


Innate Abilities, Weirdness & Mutations

You do not eat or drink.
Your flesh is vulnerable to fire.
You are immune to poison.
Your flesh is cold resistant. (rC+)
You are immune to negative energy. (rN+++)
You are immune to unholy pain and torment.
You can survive without breathing.
You are in touch with the powers of death.


Message History

* * * LOW HITPOINT WARNING * * *
The polar bear misses you. You block the polar bear's attack.
The polar bear barely misses you.
The spriggan berserker hits you with an antimagic war axe!
* * * LOW HITPOINT WARNING * * *
You feel your power leaking away.
Evoke which item? (* to show all) (? for menu, Esc to quit)
Aim the lamp in which direction?
Press: ? - help, Dir - move target cursor, f - deep elf high priest, p - spriggan berserker
Aim: a deep elf high priest, wielding a longbow and wearing a leather armour The flames dance!
The trail of fire misses the spriggan berserker.
The trail of fire misses the deep elf high priest.
The polar bear disappears in a puff of smoke!
The polar bear bites you but does no damage.
You block the polar bear's attack. x2
The deep elf high priest is engulfed in roaring flames.
The spriggan berserker is engulfed in roaring flames.
The spriggan berserker hits you with an antimagic war axe!!
You die...

#8....8# ###.......''...≈..
##.)[.## ##......'....≈..
###('##### ####.(.#....§..
...(.....# #####....≈..
.8.....>.# ############ #.)).....
#.....)..###8#8#88#8#8###..§≈....
##...⌠...#..............#[§≈...≈≈
#.......'.....).h....§.')§≈..≈≈§
#.<...[.'......@i...e§§)..≈..≈≈§
#.......#........§§§§..#..≈..≈≈§
#####.8.###8#8#88#8#8###..§...≈≈
##..# ############ #..≈≈.... ##.#
#........ ### #§§§§.§.. #§§§..≈..
#######


You could see a spriggan berserker (berserk), a deep elf high priest and a polar
bear (berserk).

Vanquished Creatures
  A golden dragon (Depths:4)
  Nikola (Shoals:1)
  A tentacled monstrosity (Vaults:1)
  2 liches (Depths:2)
  A titan (Depths:2)
  Gastronok (D:8)
  A sphinx (Depths:1)
  Kirke (D:12)
  A shadow dragon (Depths:4)
  2 tengu reavers
  A storm dragon (Depths:1)
  9 fire giants
  An iron dragon (Vaults:2)
  4 orc warlords
  4 ghost moths
  A balrug (Depths:4)
  4 vault wardens
  9 frost giants
  12 emperor scorpions
  A deep elf sorcerer (Vaults:1)
  A reaper (Depths:2)
  13 very ugly things
  Aizul (Shoals:3)
  13 ironheart preservers
  A caustic shrike skeleton (Depths:2)
  3 spriggan defenders
  A war gargoyle (Depths:3)
  4 stone giants
  A deep elf elementalist (Depths:4)
  6 entropy weavers
  A vampire knight (Depths:4)
  Nessos (Lair:5)
  A deep elf demonologist (Depths:4)
  3 spark wasps (Spider:4)
  2 deep elf annihilators
  A green death (Depths:3)
  13 ettins
  4 deep elf death magi (Vaults:1)
  7 fire dragons
  7 merfolk impalers
  3 merfolk javelineers
  4 great orbs of eyes
  10 yaktaur captains
  A deep elf high priest (Depths:4)
  13 vault guards
  12 ice dragons
  A hell beast (Depths:1)
  14 hydras
  3 catoblepae
  A spriggan air mage (Depths:3)
  The ghost of dondy the Thaumaturge, a journeyman DEFE of Vehumet (Lair:1)
  4 rakshasas
  2 alligator snapping turtles (Shoals:3)
  4 death knights
  7 merfolk avatars
  45 two-headed ogres
  13 ogre magi
  4 merfolk aquamancers
  6 deep troll shamans
  11 centaur warriors
  4 deep troll earth magi
  3 death yaks (Lair:6)
  A death yak (shapeshifter) (Vaults:2)
  A vampire mage (Depths:3)
  An orc high priest (Orc:2)
  4 spriggan berserkers
  3 soul eaters
  2 tengu warriors
  7 deep elf knights
  9 hell knights
  2 spriggans (Depths:1)
  2 sun demons
  A shadow wraith (Vaults:2)
  Nergalle (D:12)
  An iron troll (Depths:1)
  A sea snake (shapeshifter) (Vaults:2)
  18 deep trolls
  11 sea snakes
  A swamp dragon (Lair:6)
  3 wizards
  A tengu zombie (Vaults:2)
  14 skeletal warriors
  2 unseen horrors
  2 flayed ghosts
  Pikel (D:7)
  5 deep elf archers (Vaults:1)
  22 harpies
  5 glowing orange brains
  14 orc knights
  11 necromancers
  2 phantasmal warriors (Depths:4)
  12 ironbrand convokers
  9 deep elf magi
  A shadow dragon skeleton (Depths:2)
  6 orc sorcerers
  4 oklob plants
  29 orb spiders
  19 ugly things
  A wolf spider (shapeshifter) (Depths:1)
  9 fauns
  A frost giant zombie (Vaults:2)
  A wolf spider zombie (D:15)
  59 wolf spiders
  5 cyclopes
  A salamander (shapeshifter) (Vaults:4)
  11 manticores
  2 human skeletons (Vaults:2)
  20 merfolk sirens
  7 rust devils
  A naga mage (D:15)
  8 black mambas
  An ice statue (IceCv)
  5 water nymphs
  9 vault sentinels
  The ghost of cuckmaster the Conjurer, a novice TrWz (D:4)
  3 gargoyles
  8 elephants
  2 spiny frogs (shapeshifter)
  A smoke demon (Depths:1)
  14 spiny frogs
  27 yaktaurs
  5 centaur skeletons
  2 efreet
  4 ice devils
  10 komodo dragons
  3 rime drakes (Lair:6)
  22 demonic crawlers
  19 freezing wraiths
  A troll (shapeshifter) (Depths:2)
  41 jumping spiders
  A red devil (Depths:4)
  3 tengu conjurers
  7 trolls
  A hornet (shapeshifter) (D:14)
  12 polar bears
  5 wind drakes
  35 merfolk
  18 blink frogs
  16 hornets
  A blink frog (shapeshifter) (Vaults:3)
  An ettin zombie (Depths:2)
  A wolf spider simulacrum (IceCv)
  5 hippogriffs
  32 slime creatures
  4 raiju (Lair:6)
  10 snapping turtles
  4 dream sheep (Shoals:1)
  2 frost giant simulacra
  2 fire giant simulacra
  21 water elementals
  A ynoxinul (Depths:1)
  4 air elementals
  A flying skull (Depths:3)
  A yak (shapeshifter) (Depths:1)
  114 redbacks
  A spriggan (shapeshifter) (Depths:4)
  2 shadows
  50 tarantellas
  3 wyverns
  An ettin skeleton (Vaults:2)
  5 wraiths
  16 humans (D:13)
  3 hogs (D:12)
  A hog (shapeshifter) (D:15)
  4 steam dragons
  67 yaks
  A golden eye (shapeshifter) (Vaults:1)
  6 basilisks
  A hungry ghost (Shoals:1)
  3 vampire mosquitoes (D:14)
  Menkaure (D:7)
  A deep troll zombie (Vaults:2)
  17 wargs
  An acid dragon (Lair:6)
  13 hell hounds
  A soldier ant (shapeshifter) (Vaults:3)
  6 porcupines
  19 water moccasins
  A floating eye (Depths:3)
  2 black bears (shapeshifter)
  11 ice beasts
  2 swamp drakes (Lair:6)
  69 orc warriors
  A slave (D:7)
  A hornet zombie (D:15)
  2 human zombies
  11 black bears (Lair:6)
  An eye of draining (D:10)
  5 sky beasts
  A necrophage (D:14)
  24 wolves
  12 boggarts
  3 phantoms
  40 ogres
  15 centaurs
  14 crocodiles
  24 bullfrogs
  8 big kobolds
  A glowing shapeshifter simulacrum (Vaults:2)
  A wyvern skeleton (D:14)
  A water moccasin skeleton (D:10)
  7 scorpions
  11 killer bees
  A swamp dragon simulacrum (IceCv)
  10 wights
  An elephant simulacrum (IceCv)
  An electric eel (Spider:4)
  6 howler monkeys
  6 crimson imps
  A bullfrog zombie (D:12)
  2 draconian simulacra (IceCv)
  2 quasits
  A yaktaur simulacrum (Vaults:1)
  5 centaur zombies
  6 hounds
  4 human simulacra
  14 jellies
  16 orc priests
  42 orc wizards
  A gnoll shaman (D:5)
  An iron imp (Depths:3)
  Jessica (D:3)
  3 bullfrog skeletons
  Ijyb (D:3)
  5 worker ants
  7 iguanas
  2 spriggan simulacra (IceCv)
  2 hell rats (Lair:6)
  6 troll simulacra (IceCv)
  A killer bee zombie (D:6)
  A wolf simulacrum (IceCv)
  4 centaur simulacra (IceCv)
  2 hound skeletons
  5 worker ant zombies
  9 gnolls
  16 adders
  A howler monkey skeleton (D:8)
  4 naga simulacra (IceCv)
  2 ogre simulacra (IceCv)
  7 river rats (Lair:6)
  9 shadow imps
  13 white imps
  2 ufetubi (Depths:3)
  2 oozes
  3 worms
  4 adder skeletons
  3 dart slugs (D:1)
  5 leopard geckos
  100 orcs
  3 giant cockroaches
  21 goblins
  9 hobgoblins
  19 jackals
  41 kobolds
  6 quokkas
  A ball python (D:2)
  7 bats
  3 frilled lizards
  A jackal skeleton (D:2)
  A quokka zombie (D:6)
  6 rats
  4 bushes (Lair:3)
  9 plants
2104 creatures vanquished.

Vanquished Creatures (collateral kills)
  A lich (Depths:2)
  A storm dragon (Depths:4)
  3 fire giants
  A deep elf sorcerer (Depths:4)
  A vault warden (Vaults:4)
  3 stone giants
  2 ironheart preservers
  3 very ugly things
  A juggernaut skeleton (Depths:2)
  An entropy weaver (Vaults:4)
  4 yaktaur captains
  4 fire dragons
  A blizzard demon (Depths:4)
  2 great orbs of eyes
  A deep elf high priest (Depths:4)
  3 rakshasas
  4 vault guards (Vaults:4)
  A spriggan air mage (Depths:3)
  5 ice dragons
  7 ogre magi
  A centaur warrior (Vaults:3)
  16 two-headed ogres
  A deep troll earth mage (Depths:2)
  5 tengu warriors
  A hell hog (Depths:3)
  6 spriggan berserkers
  A soul eater (Depths:4)
  A deep elf knight (Vaults:3)
  2 sun demons (Depths:4)
  2 hell knights
  3 iron trolls
  6 deep trolls
  A flayed ghost (Vaults:4)
  A quicksilver dragon simulacrum (Depths:4)
  A glowing orange brain (Depths:4)
  2 orc knights
  3 necromancers
  An ironbrand convoker (Vaults:3)
  A frost giant zombie (Depths:2)
  3 ugly things (Depths:3)
  A fire giant skeleton (Depths:2)
  A vault sentinel (Vaults:3)
  An efreet (Depths:4)
  A human zombie (Vaults:2)
  14 yaktaurs
  A yaktaur (shapeshifter) (Depths:1)
  A spriggan skeleton (Depths:2)
  3 ice devils (Depths:4)
  2 freezing wraiths
  A tengu conjurer (Depths:1)
  A jumping spider (Vaults:3)
  A hornet (Depths:2)
  A sphinx simulacrum (Vaults:3)
  6 slime creatures
  A deep troll skeleton (Depths:1)
  A spriggan (Depths:2)
  A redback (Vaults:4)
  A shadow (Depths:4)
  2 water elementals (Depths:3)
  A wraith (Depths:4)
  4 hell hounds (Depths:4)
  An elf zombie (Vaults:4)
  11 ogres
  2 boggarts (Depths:2)
  An elf skeleton (Vaults:2)
  2 glowing shapeshifter simulacra
  A tengu zombie (Depths:1)
  A human simulacrum (Vaults:2)
  An orc (Vaults:2)
173 creatures vanquished.

Vanquished Creatures (others)
  2 stone giants (Depths:2)
  A merfolk avatar (Shoals:4)
  A tengu warrior (Depths:3)
  A merfolk aquamancer (Shoals:1)
  2 deep troll shamans (Depths:3)
  An iron troll (Depths:4)
  A deep elf archer (Vaults:1)
  3 ugly things (Depths:3)
  2 fauns
  A cyclops (Shoals:1)
  A vault sentinel (Vaults:1)
  8 yaktaurs
  2 air elementals (Depths:4)
  A redback (Spider:1)
  A human (D:12)
  A floating eye (shapeshifter) (Depths:3)
  An orc warrior (Orc:2)
  An ogre (Depths:3)
  6 centaurs
  A scorpion (D:12)
  A hound (D:7)
  An orc (D:13)
  A kobold (D:14)
  A bush (Lair:6)
  19 fungi
  67 plants
128 creatures vanquished.

Grand Total: 2405 creatures vanquished

Notes
Turn   | Place    | Note
-------+----------+-------------------------------------------
     0 | D:1      | Kriby the Mummy Fire Elementalist began the quest for the Orb.
     0 | D:1      | Reached XP level 1. HP: 13/13 MP: 4/4
    20 | D:1      | Reached skill level 1 in Conjurations
   288 | D:1      | Reached XP level 2. HP: 12/19 MP: 0/5
   757 | D:1      | Reached skill level 3 in Spellcasting
  1446 | D:1      | Reached XP level 3. HP: 24/24 MP: 3/7
  2168 | D:2      | Reached XP level 4. HP: 23/30 MP: 3/9
  2230 | D:2      | Found a sparkling altar of Nemelex Xobeh.
  2230 | D:2      | Found a blossoming altar of Fedhas.
  2549 | D:2      | Found a white marble altar of Elyvilon.
  2949 | D:3      | Reached skill level 4 in Spellcasting
  2981 | D:3      | Noticed Jessica
  2984 | D:3      | Killed Jessica
  3469 | D:3      | Reached XP level 5. HP: 28/35 MP: 1/11
  3846 | D:3      | Found an iron altar of Okawaru.
  4327 | D:3      | Noticed Ijyb
  4340 | D:3      | Killed Ijyb
  4769 | D:4      | Reached skill level 5 in Spellcasting
  4769 | D:4      | Reached XP level 6. HP: 23/41 MP: 4/13
  5139 | D:4      | Noticed cuckmaster's ghost (novice TrWz)
  5584 | D:4      | Learned a level 3 spell: Conjure Flame
  5589 | D:4      | Learned a level 4 spell: Sticky Flame
  5592 | D:4      | Learned a level 2 spell: Throw Flame
  5598 | D:4      | Learned a level 5 spell: Fireball
  6262 | D:4      | Killed cuckmaster's ghost
  6262 | D:4      | Reached skill level 6 in Spellcasting
  6262 | D:4      | Reached XP level 7. HP: 4/46 MP: 5/17
  7486 | D:5      | Entered Level 5 of the Dungeon
  7531 | D:5      | Reached skill level 7 in Spellcasting
  7856 | D:5      | Reached XP level 8. HP: 52/52 MP: 9/18
  8206 | D:5      | Reached skill level 1 in Shields
  8860 | D:5      | Reached skill level 5 in Conjurations
  9254 | D:5      | Found a burning altar of Makhleb.
 10037 | D:6      | Found a staircase to the Ecumenical Temple.
 10046 | Temple   | Entered the Ecumenical Temple
 10053 | Temple   | Became a worshipper of Sif Muna the Loreminder
 10145 | D:6      | Reached skill level 8 in Spellcasting
 11196 | D:7      | Reached * piety under Sif Muna
 11277 | D:7      | Found Veiloquj's Jewellery Emporium.
 11382 | D:7      | Bought the ring "Daaraesk" {rF+ EV+3} for 490 gold pieces
 11620 | D:7      | Reached skill level 9 in Spellcasting
 11620 | D:7      | Reached XP level 9. HP: 57/57 MP: 9/22
 11667 | D:7      | Reached skill level 5 in Fire Magic
 11754 | D:7      | Found a shattered altar of Ashenzari.
 11756 | D:7      | Noticed Pikel
 11953 | D:7      | Killed Pikel
 12065 | D:7      | Noticed Menkaure
 12068 | D:7      | Killed Menkaure
 12185 | D:8      | Reached ** piety under Sif Muna
 12366 | D:8      | Reached skill level 10 in Spellcasting
 12504 | D:8      | Identified the +10 flail of Innocence {flame, MP-9 Str+6 Int+2} (You found it on level 8 of the Dungeon)
 12636 | D:8      | Found a shadowy altar of Dithmenos.
 12678 | D:8      | Noticed Gastronok
 12709 | D:8      | Killed Gastronok
 12709 | D:8      | Reached skill level 11 in Spellcasting
 12709 | D:8      | Reached XP level 10. HP: 56/63 MP: 3/25
 13184 | D:8      | Found a hide-covered altar of Uskayaw.
 13282 | D:8      | Reached *** piety under Sif Muna
 13427 | D:8      | Noticed a two-headed ogre
 13440 | D:8      | Killed a two-headed ogre
 13440 | D:8      | Reached skill level 1 in Fighting
 14178 | D:9      | Found a stormy altar of Qazlal.
 14385 | D:9      | Found a staircase to the Lair.
 14589 | D:9      | Noticed a two-headed ogre
 14598 | D:9      | Killed a two-headed ogre
 14936 | D:9      | Reached skill level 12 in Spellcasting
 15091 | D:9      | Noticed a two-headed ogre
 15105 | D:9      | Killed a two-headed ogre
 15105 | D:9      | Reached **** piety under Sif Muna
 15105 | D:9      | Reached XP level 11. HP: 74/74 MP: 14/27
 15590 | D:10     | Entered Level 10 of the Dungeon
 16447 | D:10     | Noticed a skeletal warrior
 16448 | D:10     | Noticed a skeletal warrior
 16449 | D:10     | Noticed a skeletal warrior
 16451 | D:10     | Noticed a skeletal warrior
 16971 | D:10     | Reached ***** piety under Sif Muna
 17212 | Lair:1   | Entered Level 1 of the Lair of Beasts
 17708 | Lair:1   | Identified Sif Muna's Reference Book on Spatial Heat (Sif Muna gifted it to you on level 1 of the Lair of Beasts)
 17708 | Lair:1   | Received a gift from Sif Muna
 17717 | Lair:1   | Learned a level 6 spell: Bolt of Fire
 17788 | Lair:1   | Learned a level 2 spell: Repel Missiles
 17810 | Lair:1   | Noticed dondy's ghost (journeyman DEFE)
 17825 | Lair:1   | Killed dondy's ghost
 17825 | Lair:1   | Reached skill level 13 in Spellcasting
 18760 | Lair:2   | Noticed an oklob plant
 18980 | Lair:2   | Noticed a four-headed hydra
 18995 | Lair:2   | Killed a four-headed hydra
 18995 | Lair:2   | Reached XP level 12. HP: 83/83 MP: 3/29
 19908 | Lair:2   | Noticed a five-headed hydra
 19922 | Lair:2   | Killed a five-headed hydra
 20169 | Lair:2   | Noticed a six-headed hydra
 20179 | Lair:2   | Killed a six-headed hydra
 20179 | Lair:2   | Reached skill level 14 in Spellcasting
 20665 | Lair:2   | You fall through a shaft for 2 floors!
 20675 | Lair:4   | Reached skill level 5 in Dodging
 20847 | Lair:3   | Noticed a seven-headed hydra
 20851 | Lair:3   | Found a hole to the Spider Nest.
 20857 | Lair:3   | Killed a seven-headed hydra
 21429 | Lair:2   | Identified Sif Muna's Compendium of Damaging Companions (Sif Muna gifted it to you on level 2 of the Lair of Beasts)
 21429 | Lair:2   | Received a gift from Sif Muna
 21437 | Lair:2   | Learned a level 5 spell: Poisonous Cloud
 22402 | Lair:3   | Reached skill level 1 in Poison Magic
 22797 | Lair:4   | Noticed a five-headed hydra
 22809 | Lair:4   | Killed a five-headed hydra
 22809 | Lair:4   | Reached skill level 1 in Air Magic
 22962 | Lair:3   | Gained mutation: You are in touch with the powers of death. [Mummy growth]
 22962 | Lair:3   | Reached XP level 13. HP: 88/88 MP: 3/31
 23289 | Lair:4   | Found a staircase to the Shoals.
 24059 | Lair:5   | Noticed Nessos
 24066 | Lair:5   | Killed Nessos
 24066 | Lair:5   | Reached skill level 15 in Spellcasting
 24233 | Lair:5   | Reached skill level 10 in Fire Magic
 24769 | Lair:5   | Identified Sif Muna's Handbook of Combat Magic and Darkness (Sif Muna gifted it to you on level 5 of the Lair of Beasts)
 24769 | Lair:5   | Received a gift from Sif Muna
 26578 | Lair:6   | Entered Level 6 of the Lair of Beasts
 28109 | Lair:6   | Reached skill level 10 in Conjurations
 28359 | Lair:6   | Reached skill level 16 in Spellcasting
 28848 | Lair:6   | Found a staircase to the Slime Pits.
 28955 | Lair:6   | Identified Sif Muna's Tome of Heat and Cold (Sif Muna gifted it to you on level 6 of the Lair of Beasts)
 28955 | Lair:6   | Received a gift from Sif Muna
 28955 | Lair:6   | Reached XP level 14. HP: 95/95 MP: 8/34
 29356 | Lair:6   | Learned a level 7 spell: Delayed Fireball
 30137 | Lair:6   | Upgraded the game from 0.20-a0-427-g8b12978 to 0.20-a0-432-g25cc1b4
 30797 | Lair:6   | Learned a level 4 spell: Throw Icicle
 31824 | Lair:6   | Reached skill level 17 in Spellcasting
 32244 | Lair:6   | Got a clouded bronze ring
 32245 | Lair:6   | Identified the ring of Duthicw {AC+1 Int+4} (You found it on level 6 of the Lair of Beasts)
 33652 | Lair:6   | Learned a level 6 spell: Bolt of Cold
 33795 | Lair:5   | Identified Sif Muna's Grimoire of Congealing Confrontation (Sif Muna gifted it to you on level 5 of the Lair of Beasts)
 33795 | Lair:5   | Received a gift from Sif Muna
 34496 | D:11     | Found Esujiwy's Weapon Emporium.
 36374 | D:12     | Noticed Kirke
 36386 | D:12     | Noticed a sphinx
 36389 | D:12     | Killed Kirke
 36874 | D:12     | Noticed Nergalle
 36878 | D:12     | Killed Nergalle
 37623 | D:13     | Reached XP level 15. HP: 77/100 MP: 16/36
 37845 | D:13     | Found a frozen archway.
 37906 | IceCv    | Entered an ice cave
 38154 | IceCv    | Identified Sif Muna's Guide on Torrid Augmentations (Sif Muna gifted it to you in an ice cave)
 38154 | IceCv    | Received a gift from Sif Muna
 38166 | IceCv    | Learned a level 9 spell: Fire Storm
 38415 | IceCv    | Found an ancient bone altar of Kikubaaqudgha.
 38539 | IceCv    | Reached skill level 18 in Spellcasting
 41397 | D:13     | Identified Sif Muna's Reference Book on the Compass and Moulding (Sif Muna gifted it to you on level 13 of the Dungeon)
 41397 | D:13     | Received a gift from Sif Muna
 41863 | D:13     | Reached skill level 1 in Invocations
 42074 | D:13     | Identified the +3 ring mail of the Catfish {Dex+4} (You took it off a human on level 13 of the Dungeon)
 42141 | D:13     | Identified a scroll of acquirement
 42142 | D:13     | Identified the +0 hat "Kucolonk" {rPois Int+2} (You acquired it on level 13 of the Dungeon)
 42468 | D:13     | Found a gate to the Vaults.
 42733 | D:10     | Found a staircase to the Orcish Mines.
 43167 | Orc:1    | Entered Level 1 of the Orcish Mines
 43169 | Orc:1    | Noticed an orc warlord
 43379 | D:10     | Killed an orc warlord
 43837 | D:10     | Reached skill level 19 in Spellcasting
 45037 | Orc:1    | Noticed an orc warlord
 45104 | Orc:1    | Killed an orc warlord
 45730 | Orc:1    | Noticed an orc warlord
 45757 | Orc:1    | Killed an orc warlord
 45909 | Orc:1    | Identified the +1 robe of Monotheism {rPois MR- Slay+2} (You took it off an orc on level 1 of the Orcish Mines)
 46012 | Orc:1    | Identified the Almanac of the Jabberwock
 46093 | Orc:1    | Identified a +2 pair of boots of running (You found it on level 1 of the Orcish Mines)
 46173 | Orc:2    | Entered Level 2 of the Orcish Mines
 46735 | Orc:2    | Found a staircase to the Elven Halls.
 47294 | Orc:2    | Reached XP level 16. HP: 106/106 MP: 12/39
 47409 | Orc:2    | Received a gift from Sif Muna
 48676 | Orc:2    | Found a roughly hewn altar of Beogh.
 49085 | Orc:2    | Found Titril's General Store.
 49090 | Orc:2    | Found Hikkucar's Antique Weapon Shop.
 49096 | Orc:2    | Found Fueskum's Antique Armour Shop.
 49101 | Orc:2    | Found Tyishoq's Jewellery Shop.
 49145 | Orc:2    | Bought a faintly glowing mace for 264 gold pieces
 49161 | Orc:2    | Bought a scroll of identify for 28 gold pieces
 49188 | Orc:2    | Bought a pair of runed gloves for 294 gold pieces
 49218 | Orc:2    | Identified the +4 mace "Jaamucen" {holy, +Inv rF+ Str-4} (You bought it in a shop on level 2 of the Orcish Mines)
 49656 | Orc:2    | Found Woingem's Distillery.
 50373 | Spider:1 | Entered Level 1 of the Spider Nest
 51117 | Spider:1 | Reached skill level 5 in Shields
 54186 | Spider:1 | Reached skill level 10 in Dodging
 56240 | Spider:2 | Identified Sif Muna's Tome of Conjuration (Sif Muna gifted it to you on level 2 of the Spider Nest)
 56240 | Spider:2 | Received a gift from Sif Muna
 56249 | Spider:2 | Learned a level 7 spell: Orb of Destruction
 56463 | Spider:2 | Reached skill level 1 in Ice Magic
 57228 | Spider:2 | Reached XP level 17. HP: 111/111 MP: 9/40
 57421 | Spider:2 | Reached skill level 5 in Ice Magic
 57501 | Spider:2 | Learned a level 9 spell: Glaciate
 59044 | Spider:2 | Received a gift from Sif Muna
 60649 | Spider:2 | Reached skill level 10 in Ice Magic
 61058 | Spider:4 | Entered Level 4 of the Spider Nest
 61962 | Spider:4 | Identified Sif Muna's Disquisition on Stolen Souls (Sif Muna gifted it to you on level 4 of the Spider Nest)
 61962 | Spider:4 | Received a gift from Sif Muna
 64797 | Spider:4 | Identified Sif Muna's Grimoire of Assistive Confrontation (Sif Muna gifted it to you on level 4 of the Spider Nest)
 64797 | Spider:4 | Received a gift from Sif Muna
 66070 | Spider:4 | Reached XP level 18. HP: 118/118 MP: 13/41
 66665 | Spider:4 | Reached skill level 15 in Ice Magic
 66875 | Spider:4 | Got a gossamer rune of Zot
 67288 | Shoals:1 | Entered Level 1 of the Shoals
 68027 | Shoals:1 | Noticed Nikola
 68585 | Orc:2    | Bought the ring "Eshailel" {rElec Int+5 Stlth+} for 630 gold pieces
 68772 | Shoals:1 | Killed Nikola
 68772 | Shoals:1 | Identified Sif Muna's Volume of Creative Lightness (Sif Muna gifted it to you on level 1 of the Shoals)
 68772 | Shoals:1 | Received a gift from Sif Muna
 71449 | Shoals:2 | Identified the +1 pair of boots "Ehit" {rElec rN+ Int+3} (You acquired it on level 2 of the Shoals)
 71845 | Shoals:3 | Noticed Aizul
 72027 | Shoals:3 | Reached skill level 5 in Invocations
 72260 | Shoals:3 | Reached skill level 20 in Spellcasting
 72479 | Shoals:3 | Reached skill level 5 in Fighting
 73142 | Shoals:3 | Killed Aizul
 74269 | Shoals:3 | Found Taib's Tempting Trifles.
 74802 | Shoals:4 | Entered Level 4 of the Shoals
 75672 | Shoals:4 | Noticed Ilsuiw
 76427 | Shoals:3 | Reached XP level 19. HP: 95/127 MP: 1/43
 76732 | Shoals:4 | Identified Sif Muna's Grimoire of Supportive Attacks (Sif Muna gifted it to you on level 4 of the Shoals)
 76732 | Shoals:4 | Received a gift from Sif Muna
 77459 | Shoals:4 | Got a barnacled rune of Zot
 78546 | D:14     | Identified the +8 morningstar of Watchfulness {antimagic, rF+ rN++ MR+} (You found it on level 14 of the Dungeon)
 80230 | D:15     | Entered Level 15 of the Dungeon
 80855 | D:15     | Found a staircase to the Depths.
 81607 | D:15     | Identified the +4 shield of Music {rPois rN+ Int-5 Dex+3} (You found it on level 15 of the Dungeon)
 82286 | Vaults:1 | Entered Level 1 of the Vaults
 82843 | Vaults:1 | Identified the +11 dagger "Taeloamu" {flame, rElec rC+ Stlth+} (You found it on level 1 of the Vaults)
 82955 | Vaults:1 | Identified Sif Muna's Guide on Earth and the Oath (Sif Muna gifted it to you on level 1 of the Vaults)
 82955 | Vaults:1 | Received a gift from Sif Muna
 84613 | Vaults:1 | Learned a level 6 spell: Death Channel
 84632 | Vaults:1 | Reached skill level 1 in Necromancy
 86089 | Vaults:1 | Reached XP level 20. HP: 133/133 MP: 18/44
 86184 | Vaults:1 | Found Riesh's General Store.
 86288 | Vaults:1 | Bought a scroll of teleportation for 57 gold pieces
 86647 | Vaults:1 | Identified Sif Muna's Compendium of the Arsonist and Attacks (Sif Muna gifted it to you on level 1 of the Vaults)
 86647 | Vaults:1 | Received a gift from Sif Muna
 87704 | Vaults:2 | Reached skill level 21 in Spellcasting
 87885 | Vaults:2 | Reached skill level 5 in Necromancy
 88098 | Vaults:2 | Found Yfoiffof's Antique Armour Shop.
 88504 | Vaults:2 | Bought a brightly glowing robe for 148 gold pieces
 88504 | Vaults:2 | Identified the +2 robe of Sycippy {MR- Str+3} (You bought it in a shop on level 2 of the Vaults)
 91478 | Vaults:2 | Identified Bake's Compendium of Virous Arcane Weapons (Sif Muna gifted it to you on level 2 of the Vaults)
 91478 | Vaults:2 | Received a gift from Sif Muna
 91800 | Vaults:2 | Found Qemuubli's Gadget Boutique.
 91856 | Vaults:2 | Found Aniyzxeh's Jewellery Boutique.
 95160 | Vaults:3 | Paralysed by an ogre mage for 3 turns
 95178 | Vaults:3 | Identified Sif Muna's Handbook of Combat Magic and Necromancy (Sif Muna gifted it to you on level 3 of the Vaults)
 95178 | Vaults:3 | Received a gift from Sif Muna
 95501 | Vaults:3 | Found an ancient bone altar of Kikubaaqudgha.
 95503 | Vaults:3 | Found a staircase to the Crypt.
 95504 | Vaults:3 | Found a basalt altar of Yredelemnul.
 96203 | Vaults:3 | Reached XP level 21. HP: 139/139 MP: 6/46
 96466 | Vaults:3 | Found Hutaoss's Antique Armour Boutique.
 96913 | Vaults:3 | Reached skill level 15 in Fire Magic
 97343 | Vaults:3 | Found Juluh's General Store.
 97419 | Vaults:3 | Received a gift from Sif Muna
 97812 | Vaults:4 | Reached skill level 22 in Spellcasting
 97831 | Vaults:4 | Reached skill level 15 in Conjurations
 98070 | Vaults:4 | Found a portal to a secret trove of treasure.
 98229 | Vaults:4 | Identified the cursed +1 chain mail of Surprise {Regen+ Str+2 Dex-4} (You found it on level 4 of the Vaults)
 99123 | Vaults:4 | Learned a level 4 spell: Animate Dead
 99511 | Vaults:5 | Entered Level 5 of the Vaults
100625 | Depths:1 | Entered Level 1 of the Depths
100635 | Depths:1 | Found a one-way gate leading to the halls of Pandemonium.
101039 | Depths:1 | Identified Sif Muna's Volume of Ensnaring Snow (Sif Muna gifted it to you on level 1 of the Depths)
101039 | Depths:1 | Received a gift from Sif Muna
101173 | Depths:1 | Found a gateway to a ziggurat.
101177 | Depths:1 | Found a gateway to Hell.
102160 | Depths:1 | Reached skill level 1 in Armour
104456 | Depths:1 | Reached skill level 5 in Armour
106119 | Depths:2 | Reached XP level 22. HP: 80/145 MP: 24/48
106650 | Depths:2 | Got a twisted helmet
106651 | Depths:2 | Identified the cursed +0 helmet of Lethargy {*Drain Regen+ Dex+5} (You found it on level 2 of the Depths)
108657 | Depths:1 | Reached skill level 10 in Armour
109232 | Depths:2 | Identified the Catalogue of Talismans and Dark Magic
110207 | Depths:3 | Identified Afutoh's Compendium of the Igneous Rocks (Sif Muna gifted it to you on level 3 of the Depths)
110207 | Depths:3 | Received a gift from Sif Muna
112973 | Depths:3 | Found a one-way gate leading to the halls of Pandemonium.
114392 | Depths:3 | Reached XP level 23. HP: 150/150 MP: 37/49
115502 | Depths:4 | Identified Sif Muna's Almanac of Fetching Attacks (Sif Muna gifted it to you on level 4 of the Depths)
115502 | Depths:4 | Received a gift from Sif Muna
116021 | Depths:4 | Found a hide-covered altar of Uskayaw.
117265 | Depths:4 | Found a shattered altar of Ashenzari.
117267 | Depths:4 | Found a one-way gate to the infinite horrors of the Abyss.
117391 | Depths:4 | Mangled by a spriggan berserker

Vault maps used:
D:1:      saegor_arrival_simple_e, hex_large
D:2:      old_standard_altar, chequers_temple_overflow_statue_of_worship
D:3:      minmay_wonky_spiral, lemuel_crystal_altar, corexii_shack,
          nicolae_underground_beach, uniq_jessica, uniq_iyjb
D:4:      st_stairs_9
D:5:      bloody_makhleb, first_bread
D:7:      lemuel_round_altar, serial_shops, shop_coins, kennysheep_cross_room,
          uniq_pikel, uniq_menkaure
D:8:      old_standard_altar, kennysheep_mini_moat, enter_bailey_3,
          uniq_gastronok
D:9:      lemuel_crystal_altar, minmay_lair_entry_lava
D:10:     david_orc_3
D:11:     serial_shops, shop
D:12:     uniq_nergalle, uniq_kirke
D:13:     grunt_vaults_entry_tiered, portal_ice_cave_demonic_guard,
          roderic_hopi_sauvastika
D:14:     roderic_malta_cross
D:15:     hangedman_depths_entry_try_elsewhere_first, nicolae_two_hexagons
Temple:   nicolae_temple_x_marks_the_god
Lair:1:   minivault_11
Lair:2:   minmay_lair_oklob_chamber, grunt_megastairs_1
Lair:3:   dummy_spider_entry, minmay_lair_oklob_bushes
Lair:4:   elwin_shoals_entry_stream, infiniplex_staircase_pool
Lair:5:   uniq_nessos
Lair:6:   hangedman_lair_caniforms_friends, guppyfry_lair_end_dragon,
          nicolae_slime_entry_slimehenge, kennysheep_rathole
Shoals:1: nicolae_shoals_so_close, uniq_nikola
Shoals:3: nicolae_alphabet_shops, uniq_aizul
Shoals:4: shoals_end_hangedman, shoal_ilsuiw
Spider:3: nicolae_spider_cling_ruins
Spider:4: guppyfry_spider_rune
Orc:1:    minmay_orc_treasury
Orc:2:    grunt_orc_cross, serial_shops, shop, nicolae_orc_sculptors_studio
Vaults:1: hangedman_vaults_stagger, dpeg_vaults_monster_row, kb_rosetta,
          hangedman_vaults_capsules, vaults_room_stairs_pillars, v_misc_27,
          v_misc_18, vaults_dpeg_ring, nicolae_vaults_little_squares_4,
          nicolae_vaults_little_ls, hangedman_vaults_snaps,
          nicolae_vaults_little_squares_4, ontoclasm_vaults_gateway,
          vaults_room_pools, serial_shops, shop
Vaults:2: ontoclasm_vaults_eye, ontoclasm_vaults_twist,
          nicolae_vaults_network_quinsquares, nicolae_vaults_network_periphery,
          hangedman_vaults_restitches, v_misc_27, dpeg_vaults_waves,
          serial_shops, nicolae_shop_overgrown_old_shop,
          nicolae_shop_competitors_out_of_business, nicolae_shop_behind_doors
Vaults:3: vaults_room_mumra_shop_pool, minmay_crypt_entry_necro_gods,
          hangedman_vaults_hat, v_rooms_4, vaults_room_semicircle, v_misc_5,
          v_misc_22, grunt_vaults_hallway_long, ontoclasm_vaults_spin,
          nicolae_vaults_asterisk, nicolae_vaults_theta, ontoclasm_vaults_chip,
          vaults_dpeg_hooks, serial_shops, shop
Vaults:4: nicolae_vaults_specimen_jars, nicolae_vaults_little_squares_2,
          nicolae_vaults_little_squares_4, vaults_room_octagon, v_misc_14,
          v_misc_4, enter_trove_1
Vaults:5: serial_shops
Depths:1: enter_ziggurat_d, rand_demon_pan_entry_5, hell_entry,
          roderic_serpentine_path, serial_sigils_hangedman_clutch,
          kennysheep_generic_room_16
Depths:2: grunt_house_of_mirrors, hell_entry, infiniplex_staircase_diamond
Depths:3: lemuel_firewalk_3, hell_entry, chequers_big_river,
          grunt_pan_entry_in_and_out, basic_stair_grate_trap
Depths:4: grunt_profane_halls, abyss_entry, pan_entry, hell_entry
IceCv:    ice_cave_small_necro

Skill      XL: |  1  2  3  4  5  6  7  8  9 10 11 12 13 14 15 16 17 18 19 20 21 22 23 |
---------------+----------------------------------------------------------------------+-----
Conjurations   | 1 2 3 4 5 7 8 9 10 11 12 14 15 | 15.9
Spellcasting   | 3 4 5 6 7 9 11 12 13 14 16 17 19 20 21 22 | 22.9
Fire Magic     | 3 4 5 6 8 9 10 11 12 14 15 16 | 16.0
Shields        | 2 4 6 7 |  7.2
Fighting       | 2 4 5 |  5.4
Dodging        | 2 4 5 6 7 8 10 | 10.6
Poison Magic   | 1 2 |  2.1
Air Magic      | 1 2 |  2.1
Invocations    | 3 4 5 |  5.3
Ice Magic      | 4 14 15 | 15.4
Necromancy     | 3 7 8 9 |  9.4
Armour         | 6 12 | 12.0
Stealth        | |  1.5

Action                   |  1- 3 |  4- 6 |  7- 9 | 10-12 | 13-15 | 16-18 | 19-21 | 22-24 || total
-------------------------+-------+-------+-------+-------+-------+-------+-------+-------++-------
Melee: Unarmed           |     4 |       |       |       |       |       |       |       ||     4
       Dagger            |    34 |    18 |    10 |    20 |       |       |       |       ||    82
       Flail             |       |       |       |     6 |    58 |    27 |    14 |    46 ||   151
       Staff             |       |       |       |     2 |    31 |   123 |    46 |    14 ||   216
Throw: Tomahawk          |       |       |       |       |     1 |       |       |       ||     1
 Cast: Flame Tongue      |    69 |   164 |   212 |   350 |   323 |    71 |    75 |       ||  1264
       Conjure Flame     |       |     1 |    15 |    45 |    47 |    10 |    12 |     3 ||   133
       Throw Flame       |       |       |    76 |   125 |   213 |    92 |    19 |       ||   525
       Sticky Flame      |       |       |    25 |    49 |   121 |   132 |    64 |    30 ||   421
       Fireball          |       |       |     1 |    48 |    16 |    28 |    35 |    13 ||   141
       Bolt of Fire      |       |       |       |     4 |   142 |   291 |   473 |   136 ||  1046
       Repel Missiles    |       |       |       |     1 |     4 |     2 |     1 |     1 ||     9
       Poisonous Cloud   |       |       |       |     4 |   332 |   568 |   238 |    52 ||  1194
       Throw Icicle      |       |       |       |       |    26 |       |       |       ||    26
       Bolt of Cold      |       |       |       |       |     6 |       |       |       ||     6
       Delayed Fireball  |       |       |       |       |       |     4 |     1 |     2 ||     7
       Orb of Destructio |       |       |       |       |       |    19 |    69 |    98 ||   186
       Death Channel     |       |       |       |       |       |       |    68 |    50 ||   118
       Animate Dead      |       |       |       |       |       |       |    13 |    74 ||    87
Invok: Channel Magic     |       |       |       |     2 |     2 |     5 |     2 |     2 ||    13
       Divine Energy     |       |       |       |     1 |       |       |       |     1 ||     2
       Stop Divine Energ |       |       |       |     1 |       |       |       |     1 ||     2
 Abil: Release Delayed F |       |       |       |       |       |     4 |     1 |     1 ||     6
Evoke: Wand              |       |       |     6 |    13 |     8 |    25 |     1 |    10 ||    63
       Lamp of fire      |       |       |       |       |     1 |     3 |     3 |     1 ||     8
       Lightning rod     |       |       |       |       |       |    12 |     3 |       ||    15
       Fan of gales      |       |       |       |       |       |       |     1 |       ||     1
  Use: Scroll            |       |       |    14 |     8 |    18 |    14 |    15 |     4 ||    73
 Stab: Sleeping          |       |       |     1 |       |       |       |       |       ||     1
       Paralysed         |       |       |       |       |    14 |       |       |       ||    14
       Petrified         |       |       |       |       |     3 |       |       |       ||     3
       Distracted        |       |       |       |       |       |       |     2 |     2 ||     4
Armor: Robe              |     8 |    12 |    14 |    23 |    50 |   133 |    35 |       ||   275
       Fire dragon scale |       |       |       |       |       |       |    39 |    82 ||   121
Dodge: Dodged            |    57 |    67 |    48 |   103 |   221 |   639 |   296 |   168 ||  1599
       Deflected         |       |       |       |       |    10 |    17 |     6 |     8 ||    41
Block: Buckler           |       |       |       |    29 |   168 |   470 |   295 |   145 ||  1107
       Reflection        |       |       |       |       |    35 |    43 |    74 |    18 ||   170
